 Dungeon Crawl Stone Soup version 0.29-a0-322-g68df515428 (webtiles) character file.

Game seed: 16307469476350827070

49 kae the Firebug (level 3, -4/20 HPs)
             Began as a Tengu Fire Elementalist on Apr 7, 2022.
             Slain by an orc
             ... wielding a +0 hand axe
              (6 damage)
             ... on level 1 of the Dungeon.
             The game lasted 00:00:45 (1938 turns).

kae the Firebug (Tengu Fire Elementalist)           Turns: 1938, Time: 00:00:45

Health: -4/20      AC:  2    Str:  8    XL:     3   Next: 77%
Magic:  2/7        EV: 12    Int: 17    God:
Gold:   45         SH:  0    Dex: 14    Spells: 0/6 levels left

rFire   . . .      SeeInvis .   (no weapon)
rCold   . . .      Faith    .   (no shield)
rNeg    . . .      Spirit   .   a - +0 robe
rPois   .          Reflect  .   (helmet restricted)
rElec   .          Harm     .   (no cloak)
rCorr   +          Rampage  .   (no gloves)
Will    .....                   (boots unavailable)
Stlth   ++........              (no amulet)
HPRegen 0.06/turn               h - ring of resist corrosion
MPRegen 0.10/turn               (no ring)

@: very slightly contaminated
A: beak, talons 3
a: no special abilities


You were on level 1 of the Dungeon.
You visited 1 branch of the dungeon, and saw 2 of its levels.

You collected 45 gold pieces.

Inventory:

Armour
 a - a +0 robe (worn)
Jewellery
 g - a ring of flight
 h - a ring of resist corrosion (left hand)
Potions
 b - a potion of magic
 c - 2 potions of degeneration
 j - a potion of lignification {unknown}
 k - a potion of mutation {unknown}
 l - a potion of ambrosia {unknown}


   Skills:
 + Level 1.0 Fighting
 + Level 1.1 Armour
 + Level 2.5 Dodging
 - Level 2.0 Stealth
 + Level 2.2 Spellcasting
 + Level 2.0 Conjurations
 * Level 4.0 Fire Magic


You couldn't memorise any spells.
You knew the following spells:

 Your Spells              Type           Power      Damage    Failure   Level
a - Foxfire               Conj/Fire      48%        2x1d6     5%          1
b - Scorch                Fire           30%        2d7       5%          2
c - Conjure Flame         Conj/Fire      12%        6-21      16%         3

Your spell library contained the following spells:

 Spells                   Type           Power      Damage    Failure   Level
 Inner Flame              Hex/Fire       8%         N/A       26%         3
 Flame Wave               Conj/Fire      12%        2d6       47%         4


Dungeon Overview and Level Annotations

Branches:
Dungeon (2/15)

Altars:


Innate Abilities, Weirdness & Mutations

You have a beak for a mouth.
You have claws for feet.


Message History

The orc hits you but does no damage.
An orc is nearby!
Casting: Foxfire (safe; 5% risk of failure)
Confirm with . or Enter, or press ? or * to list all spells.
You conjure some foxfire!
The orc hits you with a +0 hand axe. The orc closely misses your foxfire.
The orc barely misses your foxfire.
A kobold comes into view. It is wielding a +0 short sword.
The foxfire hits the orc but does no damage.
The orc is heavily wounded.
The foxfire hits the orc but does no damage.
The orc is heavily wounded.
The orc barely misses you.
There are monsters nearby!
There are monsters nearby!
Casting: Foxfire (safe; 5% risk of failure)
Confirm with . or Enter, or press ? or * to list all spells.
You miscast Foxfire.
You are very lightly contaminated with residual magic.
Nothing appears to happen.
The orc barely misses you.
There are monsters nearby!
It was a potion of heal wounds.
You feel much better. The orc hits you with a +0 hand axe.
The kobold hits you with a +0 short sword.
The kobold attacks as you move away! The kobold closely misses you.
The orc attacks as you move away! The orc closely misses you.
There is a stone staircase leading up here.
The orc hits you with a +0 hand axe!
* * * LOW HITPOINT WARNING * * *
The kobold completely misses you.
You climb upwards.
There is a stone staircase leading down here.
Casting: Foxfire (safe; 5% risk of failure)
Confirm with . or Enter, or press ? or * to list all spells.
You conjure some foxfire!
The orc misses you. The kobold barely misses you.
The foxfire hits the kobold.
The kobold is moderately wounded.
The kobold hits you with a +0 short sword.
* * * LOW HITPOINT WARNING * * *
The orc hits you with a +0 hand axe.
You die...

............#.####.#.############
.########...#.# #.#.............
............#.# #.###########.##
...#####....#.# #.# ###...###...
.#.#........#.####.###.......##..
....................#.........###
.#.#.#....#.#.#######....♣....##.
.#.#.#......#.##K...#...........#
.....###.####.##@#.###.......####
..............##o#..####...######
.....###.######.....####.### ##..
...÷.# #....# #..####...### #...
..##.######.###..##.......####...
..##.....##......#.........##....
#.##.....#######.#....♣......##..
#.##.....####....#.........######
#.##.....'..#.#####.......## #


You could see an orc and a kobold.

Vanquished Creatures
  5 dart slugs
  4 endoplasms (D:1)
  3 giant cockroaches (D:1)
  3 goblins
  4 hobgoblins (D:1)
  A quokka (D:1)
  5 ball pythons (D:1)
  4 bats
  A frilled lizard (D:1)
  2 kobolds (D:1)
  8 rats
40 creatures vanquished.

Vanquished Creatures (collateral kills)
  3 foxfires (D:1)
3 creatures vanquished.

Vanquished Creatures (others)
  135 foxfires
  A fungus (D:1)
  2 plants (D:1)
138 creatures vanquished.

Grand Total: 181 creatures vanquished

Notes
Turn   | Place    | Note
-------+----------+-------------------------------------------
     0 | D:1      | kae the Tengu Fire Elementalist began the quest for the
                  | Orb.
     0 | D:1      | Reached XP level 1. HP: 10/10 MP: 4/4
   260 | D:1      | Reached XP level 2. HP: 15/15 MP: 1/6
   785 | D:1      | Found a faded altar of an unknown god.
  1008 | D:1      | Reached XP level 3. HP: 20/20 MP: 4/7
  1293 | D:1      | Reached skill level 1 in Armour
  1599 | D:1      | Reached skill level 4 in Fire Magic
  1875 | D:1      | Learned a level 2 spell: Scorch
  1879 | D:1      | Learned a level 3 spell: Conjure Flame
  1926 | D:2      | Reached skill level 1 in Fighting
  1938 | D:1      | Slain by an orc

Illustrated notes

Levels and vault maps discovered:
D:1:      dpeg_arrival_three_same_balls, layout_basic,
          shapermc_ecumenical_altar_rom_forum, serial_bayou,
          serial_bayou_pond_b, serial_bayou_shore_b, serial_bayou_ford_a,
          serial_bayou_pond_d, minmay_tromino_v2
D:2:      layout_basic, serial_shops, shop

Skill      XL: |  1  2  3 |
---------------+----------+-----
Armour         | 1 |  1.1
Conjurations   | 2 |  2.0
Fire Magic     | 4 |  4.0
Fighting       | 1 |  1.0
Dodging        | |  2.5
Stealth        | |  2.0
Spellcasting   | |  2.2

Action                   || total
-------------------------++-------
Melee: Unarmed           ||     3
       Kick              ||     2
       Peck              ||     1
 Cast: Foxfire           ||    79
  Use: Scroll            ||     3
       Potion            ||     1
Armor: Robe              ||     4
Dodge: Dodged            ||    17

Table legend: (Time is in decaauts)
 A = Elapsed time spent in this place.
 B = Non-inter-level travel time spent in this place.
 C = Inter-level travel time spent in this place.
 D = Time resting spent in this place.
 E = Time spent auto-exploring this place.
 F = Levels seen in this place.
 G = Mean time per level.
                   A        B        C        D        E       F      G
               +--------+--------+--------+--------+--------+-----+--------+
         Total |   1953 |   1950 |      3 |      0 |   1701 |   2 |  976.5 |
       Dungeon |   1953 |   1950 |      3 |      0 |   1701 |   2 |  976.5 |
               +--------+--------+--------+--------+--------+-----+--------+

Top non-repeatable levels by time:
     D:1: 1899 daAuts
     D:2: 53 daAuts
